 Dungeon Crawl Stone Soup version 0.29.1-2-gbd0b4ee654 (webtiles) character file.

Game seed: 315894586484052902

212 raph the Firebug (level 5, -1/28 HPs)
             Began as a Deep Elf Fire Elementalist on Nov 22, 2022.
             Killed by divine providence
             ... invoked by an orc priest
              (16 damage)
             ... on level 3 of the Dungeon.
             The game lasted 00:04:46 (3748 turns).

raph the Firebug (Deep Elf Fire Elementalist)       Turns: 3748, Time: 00:04:47

Health: -1/28      AC:  2    Str:  5    XL:     5   Next: 58%
Magic:  2/11       EV: 12    Int: 22    God:
Gold:   32         SH:  0    Dex: 15    Spells: 1/10 levels left

rFire   . . .      SeeInvis .   c - +0 dagger (vorpal)
rCold   . . .      Faith    .   (no shield)
rNeg    . . .      Spirit   .   a - +0 robe
rPois   .          Reflect  .   (no helmet)
rElec   .          Harm     .   (no cloak)
rCorr   .          Rampage  .   (no gloves)
Will    .....                   (no boots)
Stlth   ++........              (no amulet)
HPRegen 0.09/turn               (no ring)
MPRegen 0.12/turn               (no ring)

@: no status effects
A: no striking features
a: no special abilities


You were on level 3 of the Dungeon.
You visited 1 branch of the dungeon, and saw 3 of its levels.

You collected 32 gold pieces.

Inventory:

Hand Weapons
 c - a +0 vorpal dagger (weapon)
 g - the +8 hand axe of Doomed Reinforcement {vorpal, rPois Str-4 Int+2}
   (You found it on level 2 of the Dungeon)

   It inflicts extra damage upon your enemies.
   Str:       It affects your strength (-4).
   Int:       It affects your intelligence (+2).
   rPois:     It protects you from poison.
Armour
 a - a +0 robe (worn)
Jewellery
 h - a ring of positive energy
Scrolls
 l - a scroll of butterflies
Potions
 b - a potion of magic
 d - a potion of degeneration
 e - a potion of invisibility
 f - a potion of curing
 i - a potion of lignification
 j - a potion of mutation {unknown}
 k - a potion of brilliance {unknown}


   Skills:
 - Level 2.4 Dodging
 - Level 2.4 Stealth
 - Level 3.0 Spellcasting
 - Level 1.1 Conjurations
 + Level 7.0 Fire Magic


You had one spell level left.
You knew the following spells:

 Your Spells              Type           Power      Damage    Failure   Level
a - Foxfire               Conj/Fire      84%        2x1d8     2%          1
b - Scorch                Fire           68%        2d8       1%          2
c - Conjure Flame         Conj/Fire      21%        6-21      7%          3
d - Inner Flame           Hex/Fire       18%        N/A       9%          3

Your spell library contained the following spells:

 Spells                   Type           Power      Damage    Failure   Level
 Flame Wave               Conj/Fire      21%        2d8       24%         4
 Borgnjor's Revivificati  Necr           1%         N/A       100%        8
 Necromutation            Tmut/Necr      1%         N/A       100%        8
 Death's Door             Necr           1%         N/A       100%        9


Dungeon Overview and Level Annotations

Branches:
Dungeon (3/15)

Altars:


Message History

The orc hits you but does no damage.
The orc priest looks satisfied for a moment.
Casting: Foxfire (safe; 2% risk of failure)
Confirm with . or Enter, or press ? or * to list all spells.
Flames lash the orc priest.
The orc priest resists.
The orc priest is moderately wounded.
The orc priest's fire resistance burns away.
The foxfire hits the orc but does no damage.
The orc is heavily wounded.
The orc closely misses you.
Casting: Scorch (safe; 1% risk of failure)
Confirm with . or Enter, or press ? or * to list all spells.
Flames lash the orc.
You kill the orc!
Casting: Scorch (safe; 1% risk of failure)
Confirm with . or Enter, or press ? or * to list all spells.
You conjure some foxfire!
The orc priest invokes the aid of Beogh against you.
Beogh smites you! The orc barely misses you.
Casting: Foxfire (safe; 2% risk of failure)
Confirm with . or Enter, or press ? or * to list all spells.
You conjure some foxfire!
The orc priest is no longer more vulnerable to fire.
The foxfire hits the orc!
You kill the orc!
The foxfire hits the orc priest.
The orc priest resists.
The orc priest is moderately wounded.
The orc priest mumbles some strange prayers to Beogh against you.
Pain shoots through your body!
The foxfire hits the orc priest.
The orc priest resists.
The orc priest is severely wounded.
The gnoll barely misses you.
Things that are here:
a +0 short sword; a +0 leather armour; a +0 dagger The orc priest attacks as you move away!
The orc priest completely misses you.
The orc priest invokes the aid of Beogh against you.
Beogh smites you!
Ouch! That really hurt!
You die...

##### ### #
..........#
...#.#.#.###
.........
#.#.#.# #)g...#
###o### #.#
#@#######..#
#.....).....
###..####..#
#..#
######..####..#
..............#
.######.####...
## ####.# .
..##.#


You could see an orc priest and a gnoll.

Vanquished Creatures
  A gnoll bouda (D:3)
  Natasha (thrice) (D:2)
  2 gnolls (D:3)
  2 adders (D:2)
  3 worms (D:2)
  3 orcs (D:3)
  3 bats
  5 endoplasms
  3 giant cockroaches
  8 hobgoblins
  3 jackals (D:3)
  4 quokkas
  3 ball pythons
  3 frilled lizards
  4 goblins (D:1)
  8 kobolds
  4 rats
62 creatures vanquished.

Vanquished Creatures (others)
  167 foxfires
167 creatures vanquished.

Grand Total: 229 creatures vanquished

Notes
Turn   | Place    | Note
-------+----------+-------------------------------------------
     0 | D:1      | raph the Deep Elf Fire Elementalist began the quest for the
                  | Orb.
     0 | D:1      | Reached XP level 1. HP: 10/10 MP: 6/6
   363 | D:1      | Reached XP level 2. HP: 15/15 MP: 1/8
   446 | D:1      | Reached skill level 4 in Fire Magic
  1267 | D:2      | Reached XP level 3. HP: 19/19 MP: 4/9
  1509 | D:2      | Learned a level 2 spell: Scorch
  1513 | D:2      | Learned a level 3 spell: Conjure Flame
  1742 | D:2      | Identified the +8 hand axe of Doomed Reinforcement {vorpal,
                  | rPois Str-4 Int+2}
  1770 | D:2      | Reached skill level 5 in Fire Magic
  2004 | D:2      | Noticed Natasha
  2008 | D:2      | Killed Natasha
  2009 | D:2      | Reached XP level 4. HP: 24/24 MP: 1/10
  2259 | D:2      | Noticed Natasha
  2266 | D:2      | Killed Natasha
  2267 | D:2      | Reached skill level 6 in Fire Magic
  2274 | D:2      | Noticed Natasha
  2279 | D:2      | Killed Natasha
  2387 | D:2      | Reached XP level 5. HP: 28/28 MP: 7/11
  2856 | D:3      | Learned a level 3 spell: Inner Flame
  3716 | D:3      | Reached skill level 7 in Fire Magic
  3748 | D:3      | Killed from afar by an orc priest

Illustrated notes

Levels and vault maps discovered:
D:1:      lightli_iron_boxes, layout_basic, st_stairs_12
D:2:      layout_loops_ring, uniq_natasha
D:3:      layout_loops_ring, gammafunk_ghost_grave

Skill      XL: |  1  2  3  4  5 |
---------------+----------------+-----
Fire Magic     | 4 5 6 7 |  7.0
Dodging        | |  2.4
Stealth        | |  2.4
Spellcasting   | |  3.0
Conjurations   | |  1.1

Action                   |  1- 3 |  4- 6 || total
-------------------------+-------+-------++-------
Melee: Dagger            |    19 |     6 ||    25
 Cast: Foxfire           |    71 |    35 ||   106
       Scorch            |     6 |    22 ||    28
       Conjure Flame     |     1 |     1 ||     2
  Use: Scroll            |     4 |     3 ||     7
 Stab: Sleeping          |       |     1 ||     1
Armor: Robe              |     2 |     4 ||     6
Dodge: Dodged            |    16 |    12 ||    28
